 Dungeon Crawl Stone Soup version 0.21-a0-84-g85d6d27 (webtiles) character file.

708 CanOfBees the Ogre Mage (level 7, 0/72 HPs)
             Began as an Ogre Fire Elementalist on July 7, 2017.
             Slain by an iguana (12 damage)
             ... on level 4 of the Dungeon.
             The game lasted 00:13:09 (4294 turns).

CanOfBees the Ogre Mage (Ogre Fire Elementalist)    Turns: 4294, Time: 00:13:10

Health: 0/72       AC:  6    Str: 13    XL:     7   Next: 67%
Magic:  13/15      EV: 10    Int: 18    God:
Gold:   210        SH:  0    Dex:  9    Spells: 13/16 levels left

rFire    . . .     SeeInvis .   p - +2 short sword (venom)
rCold    . . .     Gourm    .   (no shield)
rNeg     . . .     Faith    .   a - +0 robe
rPois    .         Spirit   .   (helmet restricted)
rElec    .         Reflect  .   d - +2 cloak
rCorr    .         Harm     .   (gloves unavailable)
MR       .....                  (boots unavailable)
Stlth    +.........             (no amulet)
HPRegen  0.22/turn              (no ring)
MPRegen  0.14/turn              (no ring)

@: lethally poisoned (0 -> -1)
A: unfitting armour, tough skin 1
a: no special abilities


You were on level 4 of the Dungeon.
You were not hungry.

You visited 1 branch of the dungeon, and saw 4 of its levels.

You collected 210 gold pieces.

Inventory:

Hand Weapons
 j - a +0 hunting sling
 p - a +2 short sword of venom (weapon)
Missiles
 e - 100 stones (quivered)
 g - 9 poisoned needles
 t - 22 sling bullets
 w - 2 tomahawks
 D - 7 javelins of penetration
Armour
 a - a +0 robe (worn)
 d - a +2 cloak (worn)
Wands
 B - a wand of polymorph (6/24)
Scrolls
 h - a scroll of identify
 i - a scroll of recharging
 l - 2 scrolls of teleportation
 r - 2 scrolls of magic mapping {unknown}
 x - 2 scrolls of blinking {unknown}
 y - a scroll of amnesia {unknown}
 A - a scroll of enchant armour {unknown}
 C - a scroll of enchant weapon {unknown}
Potions
 k - a potion of haste {unknown}
 m - a potion of might {unknown}
 n - 2 potions of lignification
 o - 2 potions of heal wounds {unknown}
 q - 2 potions of agility {unknown}
 s - a potion of brilliance {unknown}
 u - a potion of mutation {unknown}
Books
 b - a book of Flames

   Spells                             Type                      Level
   a - Flame Tongue                   Conjuration/Fire             1
   b - Throw Flame                    Conjuration/Fire             2
   c - Conjure Flame                  Conjuration/Fire             3
   d - Inner Flame                    Hexes/Fire                   3
   e - Sticky Flame                   Conjuration/Fire             4
   f - Fireball                       Conjuration/Fire             5
 v - a book of Necromancy

   Spells                             Type                      Level
   a - Pain                           Necromancy                   1
   b - Animate Skeleton               Necromancy                   1
   c - Vampiric Draining              Necromancy                   3
   d - Regeneration                   Charms/Necromancy            3
   e - Animate Dead                   Necromancy                   4
   f - Control Undead                 Necromancy                   4
Comestibles
 c - 2 bread rations
 f - a royal jelly
 z - 3 chunks of flesh


   Skills:
 * Level 5.0 Fighting
 + Level 2.4 Throwing
 + Level 3.0 Dodging
 - Level 1.4 Stealth
 * Level 5.3 Spellcasting
 + Level 2.2 Conjurations
 + Level 3.9 Fire Magic


You had 13 spell levels left.
You knew the following spells:

 Your Spells              Type           Power        Failure   Level  Hunger
a - Flame Tongue          Conj/Fire      ###..        3%          1    None
b - Throw Flame           Conj/Fire      ###...       5%          2    #......


Dungeon Overview and Level Annotations

Branches:
Dungeon (4/15)
 Temple: D:4-7

Altars:
Hepliaklqana


Innate Abilities, Weirdness & Mutations

You are too large for most types of armour.
You have tough skin. (AC +1)


Message History

The iguana hisses angrily.
The adder barely misses you.
You hit the adder.
The adder is poisoned.
The adder is moderately wounded.
You miss the adder.
The adder is moderately wounded.
The adder barely misses you. The adder bites you.
You are poisoned.
The adder poisons you!
You feel sick. The iguana bites you!
You feel sick. The adder bites you.
You barely miss the iguana.
You feel sick. The iguana bites you!
* * * LOW HITPOINT WARNING * * *
The iguana closely misses you.
You hit the iguana.
The iguana is poisoned.
The iguana is lightly wounded.
You kill the adder!
The iguana bites you!
You die...

.. #.# ... #.#
...####.####
...........# #########
##......##.# #.......#
#..........# #.......#
#..........####.......#
#...$$....†l@.'.......#
##.############.......#
#.......####
####.......# #.......#
#.......# #.......#
#.......####
_..#..........


You could see an iguana.

Vanquished Creatures
  Grinder (D:3)
  An ogre (D:4)
  A howler monkey (D:4)
  A centaur skeleton (D:4)
  Jessica (D:2)
  An orc wizard (D:3)
  Terence (D:3)
  Natasha (twice) (D:3)
  Robin (D:4)
  9 adders
  2 oozes
  4 worms (D:2)
  3 dart slugs
  6 leopard geckos
  8 orcs (D:3)
  A ball python (D:1)
  6 bats
  6 giant cockroaches (D:1)
  17 goblins
  5 hobgoblins
  6 jackals (D:2)
  A quokka (D:2)
  7 frilled lizards
  11 kobolds
  8 rats
110 creatures vanquished.

Notes
Turn   | Place    | Note
-------+----------+-------------------------------------------
     0 | D:1      | CanOfBees the Ogre Fire Elementalist began the quest for the Orb.
     0 | D:1      | Reached XP level 1. HP: 16/16 MP: 3/3
   141 | D:1      | Reached skill level 1 in Conjurations
   268 | D:1      | Reached XP level 2. HP: 21/24 MP: 2/5
   299 | D:1      | Learned a level 2 spell: Throw Flame
  1218 | D:1      | Reached XP level 3. HP: 31/31 MP: 3/7
  1700 | D:2      | Noticed Jessica
  1707 | D:2      | Killed Jessica
  1707 | D:2      | Reached skill level 1 in Fighting
  1707 | D:2      | Reached XP level 4. HP: 26/41 MP: 5/9
  2138 | D:2      | Reached XP level 5. HP: 43/49 MP: 6/10
  2482 | D:3      | Noticed Natasha
  2501 | D:3      | Killed Natasha
  2710 | D:3      | Reached XP level 6. HP: 42/61 MP: 12/12
  2962 | D:3      | Noticed Grinder
  3069 | D:3      | Noticed Natasha
  3078 | D:3      | Killed Natasha
  3078 | D:3      | Reached skill level 1 in Throwing
  3169 | D:3      | Killed Grinder
  3169 | D:3      | Reached XP level 7. HP: 29/71 MP: 0/14
  3542 | D:3      | Noticed Terence
  3564 | D:3      | Killed Terence
  3564 | D:3      | Reached skill level 5 in Spellcasting
  3921 | D:4      | Noticed Robin
  3965 | D:4      | Killed Robin
  4173 | D:4      | Found a hazy altar of Hepliaklqana.
  4256 | D:4      | Reached skill level 5 in Fighting
  4294 | D:4      | Slain by an iguana

Vault maps used:
D:1:      co_arrival_two_rings
D:2:      uniq_jessica
D:3:      uniq_grinder, uniq_natasha, uniq_terence
D:4:      grunt_temple_overflow_opulence, lemuel_crystal_altar,
          portal_sewer_entry_e, minmay_misc_feat_hallway, uniq_robin,
          uniq_blork_the_orc, uniq_edmund

Skill      XL: |  1  2  3  4  5  6  7 |
---------------+----------------------+-----
Dodging        | 2 3 |  3.0
Conjurations   | 1 2 |  2.2
Spellcasting   | 3 4 5 |  5.3
Fire Magic     | 3 |  3.9
Fighting       | 1 3 4 5 |  5.0
Throwing       | 1 2 |  2.4
Stealth        | |  1.4

Action                   |  1- 3 |  4- 6 |  7- 9 || total
-------------------------+-------+-------+-------++-------
Melee: Short sword       |    12 |   139 |    62 ||   213
       Unarmed           |       |       |     7 ||     7
 Fire: Hunting sling     |    35 |     4 |    10 ||    49
Throw: Stone             |    19 |       |       ||    19
 Cast: Flame Tongue      |    25 |    24 |    24 ||    73
       Throw Flame       |     7 |     6 |       ||    13
  Use: Potion            |       |     3 |     1 ||     4
       Scroll            |       |     2 |     1 ||     3
 Stab: Sleeping          |       |     2 |     1 ||     3
       Confused          |       |       |     2 ||     2
  Eat: Chunk             |     3 |     5 |     4 ||    12
Armor: Robe              |    12 |    57 |    35 ||   104
       Skin              |       |       |     3 ||     3
Dodge: Dodged            |    29 |    92 |    60 ||   181
